 Dungeon Crawl Stone Soup version 0.29.1-15-g9cfb28693d (webtiles) character file.

Game seed: 14965839234425079410

781 Arctor the Digger (level 7, 0/40 HPs)
             Began as a Gargoyle Earth Elementalist on Feb 24, 2023.
             Slain by a gnoll
             ... wielding a +0 whip
              (5 damage)
             ... on level 5 of the Dungeon.
             The game lasted 00:06:17 (4701 turns).

Arctor the Digger (Gargoyle Earth Elementalist)     Turns: 4701, Time: 00:06:18

Health: 0/40       AC: 11    Str: 18    XL:     7   Next: 85%
Magic:  10/12      EV:  4    Int: 17    God:
Gold:   207        SH:  0    Dex: 10    Spells: 9/13 levels left

rFire   . . .      SeeInvis +   x - +8 hammer of the Verdant God {drain, Fly SInv}
rCold   . . .      Faith    .   t - +2 tower shield
rNeg    + . .      Spirit   .   a - +0 robe
rPois   ∞          Reflect  .   d - +0 helmet
rElec   +          Harm     .   (no cloak)
rCorr   .          Rampage  .   (no gloves)
Will    .....                   (no boots)
Stlth   ++........              (no amulet)
HPRegen 0.13/turn               l - +4 ring of protection
MPRegen 0.13/turn               o - +6 ring of strength

@: about to teleport, flying, held
A: sickness immunity, AC +4, negative energy resistance 1, electricity
resistance, torment resistance 1, petrification resistance
a: no special abilities


You were on level 5 of the Dungeon.
You visited 1 branch of the dungeon, and saw 5 of its levels.

You collected 207 gold pieces.

Inventory:

Hand Weapons
 i - a +3 dagger of holy wrath
 x - the +8 hammer of the Verdant God (weapon) {drain, Fly SInv}
   (You found it on level 2 of the Dungeon)

   A truly terrible weapon, it drains the life of any living foe it strikes.
   SInv:      It lets you see invisible.
   Fly:       It grants you flight.
Missiles
 j - a throwing net
Armour
 a - a +0 robe (worn)
 d - a +0 helmet (worn)
 m - an orb of energy
 t - a +2 tower shield (worn)
Jewellery
 k - a ring of willpower
 l - a +4 ring of protection (left hand)
 o - a +6 ring of strength (right hand)
 v - a ring of protection from fire
Wands
 w - a wand of polymorph (3)
Scrolls
 g - 2 scrolls of vulnerability
 n - a scroll of silence {unknown}
 q - 4 scrolls of identify {unknown}
 s - a scroll of amnesia {unknown}
Potions
 b - a potion of magic
 c - 2 potions of heal wounds {unknown}
 e - a potion of cancellation {unknown}
 f - 3 potions of curing {unknown}
 p - 3 potions of mutation {unknown}
 r - 2 potions of haste {unknown}
 u - 2 potions of flight {unknown}


   Skills:
 + Level 2.2 Fighting
 + Level 1.5 Maces & Flails
 + Level 3.1 Dodging
 + Level 4.6 Stealth
 + Level 1.9 Shields
 + Level 3.6 Spellcasting
 - Level 1.8 Transmutations
 + Level 5.3 Earth Magic
 + Level 2.0 Evocations


You had 9 spell levels left.
You knew the following spells:

 Your Spells              Type           Power      Damage    Failure   Level
a - Sandblast             Erth           42%        2d11      26%         1
b - Stone Arrow           Conj/Erth      24%        3d8       94%         3

Your spell library contained the following spells:

 Spells                   Type           Power      Damage    Failure   Level
 Passwall                 Tmut/Erth      12%        N/A       63%         2
 Petrify                  Tmut/Erth      15%        N/A       99%         4


Dungeon Overview and Level Annotations

Branches:
Dungeon (5/15)
 Temple: D:4-7

Altars:
Dithmenos
Kikubaaqudgha
Okawaru
Qazlal
Ru
Trog
Uskayaw
Xom

Shops:
D:4 *


Innate Abilities, Weirdness & Mutations

You are immune to sickness and miasma.
Your stone body is resilient. (AC +4)
You are immune to poison.
You resist negative energy. (rN+)
You are resistant to electric shocks. (rElec)
You are resistant to unholy torment.
You are immune to petrification.


Message History

The necrophage is almost destroyed.
You block the gnoll's attack. The necrophage closely misses you.
The gnoll hits you with a +0 whip.
The gnoll throws a throwing net.
The throwing net hits you.
You become entangled in the net!
The necrophage hits you but does no damage.
You are held in a net!
Unknown command.
Casting: Sandblast (safe; 28% risk of failure)
Confirm with . or Enter, or press ? or * to list all spells.
Aiming: Sandblast (safe; 28% risk of failure)
Press: ? - help, Shift-Dir - straight line, f - necrophage
Aim: a necrophage (almost destroyed, 83% to hit)
The blast of sand hits the necrophage!
You destroy the necrophage!
The gnoll hits you but does no damage. The gnoll hits you with a +0 whip!
Your Evocations skill increases to level 2!
Casting: Sandblast (safe; 26% risk of failure)
Confirm with . or Enter, or press ? or * to list all spells.
Aiming: Sandblast (safe; 26% risk of failure)
Press: ? - help, Shift-Dir - straight line, f - gnoll
Aim: a gnoll, wielding a +0 whip (85% to hit)
The blast of sand misses the gnoll.
The gnoll hits you from afar with a +0 halberd!
A gnoll comes into view. It is wielding a +0 halberd.
The gnoll hits you with a +0 whip.
The gnoll hits you from afar with a +0 halberd.
The gnoll barely misses you.
The gnoll hits you from afar with a +0 halberd.
The gnoll hits you with a +0 whip.
You tear a large gash into the net.
The gnoll completely misses you.
The gnoll hits you from afar with a +0 halberd.
* * * LOW HITPOINT WARNING * * *
The gnoll hits you from afar with a +0 halberd.
* * * LOW HITPOINT WARNING * * *
Unknown command.
Okay, then.
As you read the scroll of teleportation, it crumbles to dust.
You feel strangely unstable. The gnoll completely misses you.
The gnoll hits you with a +0 whip.
You die...

#.....# .### >.# #.....#### ...
#.# #........#####.### ##..#
#................######..# #
...........###....g.....#####...
.).......#.####.#.......))......
.................gg...$)?...# #
..........####..†.#########.....
...............#@g..# ....
.........#####......#######.....
.........# ##................#
.........####..#####...........
.........##...## #.....##...#
#######.....### ###.###......#
##.##### #.........#..#
##..#########...#####....#
###..###....[.....# ....#


You could see 4 gnolls.

Vanquished Creatures
  A water moccasin (D:5)
  An ogre (D:5)
  A phantom (D:5)
  A necrophage (D:5)
  A scorpion (D:4)
  2 hounds (D:5)
  An orc priest (D:3)
  A jelly (D:5)
  Crazy Yiuf (D:2)
  2 iguanas
  Robin (D:2)
  4 adders
  4 gnolls (D:3)
  2 worms
  A dart slug (D:4)
  10 orcs
  11 ball pythons
  4 bats (D:1)
  8 endoplasms
  A giant cockroach (D:2)
  13 goblins
  6 hobgoblins
  5 jackals (D:1)
  8 kobolds
  4 quokkas
  7 frilled lizards
  2 rats
103 creatures vanquished.

Notes
Turn   | Place    | Note
-------+----------+-------------------------------------------
     0 | D:1      | Arctor the Gargoyle Earth Elementalist began the quest for
                  | the Orb.
     0 | D:1      | Reached XP level 1. HP: 10/10 MP: 3/3
   133 | D:1      | Reached skill level 1 in Transmutations
   133 | D:1      | Reached XP level 2. HP: 15/15 MP: 1/5
   683 | D:1      | Reached XP level 3. HP: 10/19 MP: 1/6
  1022 | D:2      | Reached skill level 4 in Earth Magic
  1163 | D:2      | Found a runed translucent door.
  1164 | D:2      | Noticed Crazy Yiuf
  1279 | D:2      | Found a faded altar of an unknown god.
  1421 | D:2      | Reached XP level 4. HP: 24/24 MP: 5/7
  1522 | D:2      | Noticed Robin
  1532 | D:2      | Killed Robin
  2178 | D:2      | Learned a level 3 spell: Stone Arrow
  2254 | D:3      | Reached XP level 5. HP: 26/28 MP: 2/9
  3048 | D:3      | Found a stormy altar of Qazlal.
  3301 | D:4      | Reached XP level 6. HP: 33/33 MP: 7/10
  3400 | D:4      | Found an ancient bone altar of Kikubaaqudgha.
  3404 | D:4      | Found a hide-covered altar of Uskayaw.
  3411 | D:4      | Found an iron altar of Okawaru.
  3411 | D:4      | Found a bloodstained altar of Trog.
  3412 | D:4      | Found a shimmering altar of Xom.
  3413 | D:4      | Found a sacrificial altar of Ru.
  3534 | D:4      | Found a shadowy altar of Dithmenos.
  3540 | D:4      | Reached skill level 1 in Fighting
  3540 | D:4      | Reached skill level 1 in Evocations
  3689 | D:4      | Found Pyfouhiq's Mass Market.
  3844 | D:2      | Killed Crazy Yiuf
  3849 | D:2      | Identified the +8 hammer of the Verdant God {drain, Fly
                  | SInv}
  4222 | D:5      | Entered Level 5 of the Dungeon
  4229 | D:5      | Reached skill level 5 in Earth Magic
  4270 | D:5      | Reached skill level 1 in Shields
  4270 | D:5      | Reached XP level 7. HP: 35/39 MP: 11/11
  4322 | D:5      | Reached skill level 1 in Maces & Flails
  4701 | D:5      | Slain by a gnoll

Illustrated notes

Levels and vault maps discovered:
D:1:      minmay_arrival_stair_chambers, layout_basic, minmay_tetromino_l4
D:2:      layout_loops_ring, chequers_ecumenical_altar_island,
          uniq_crazy_yiuf_cottage, uniq_robin
D:3:      layout_loops_ring, mainiacjoe_overflow_paths
D:4:      layout_basic, minitemple, nicolae_dithmenos_the_darkroom,
          minivault_26, serial_park_tiny_1, chequers_arboretum, minmay_shop_mass
D:5:      layout_rooms, mainiacjoe_overflow_six_doors_small, corner_web_ring

Skill      XL: |  1  2  3  4  5  6  7 |
---------------+----------------------+-----
Transmutations | 1 |  1.8
Earth Magic    | 4 5 |  5.3
Dodging        | 2 3 |  3.1
Stealth        | 3 4 |  4.6
Fighting       | 1 2 |  2.2
Spellcasting   | 3 |  3.6
Evocations     | 1 2 |  2.0
Shields        | 1 |  1.9
Maces & Flails | 1 |  1.5

Action                   |  1- 3 |  4- 6 |  7- 9 || total
-------------------------+-------+-------+-------++-------
Melee: Unarmed           |    17 |       |       ||    17
       Dagger            |    11 |    54 |       ||    65
       Mace              |       |     9 |    32 ||    41
 Cast: Sandblast         |    45 |    75 |    11 ||   131
       Stone Arrow       |       |     2 |       ||     2
  Use: Scroll            |     3 |     4 |     1 ||     8
 Stab: Sleeping          |     2 |     3 |       ||     5
Armor: Robe              |    16 |    42 |    35 ||    93
Dodge: Dodged            |    53 |    72 |    22 ||   147
Block: Tower shield      |       |     4 |    43 ||    47
